 Dungeon Crawl Stone Soup version 0.20.1-1-g8b1a95d (webtiles) character file.

165 slavko the Shield-Bearer (level 5, -5/42 HPs)
             Began as a Human Fighter on Sept 17, 2017.
             Was an Initiate of Fedhas.
             Killed by divine providence
             ... invoked by an orc priest
              (10 damage)
             ... on level 4 of the Dungeon.
             The game lasted 00:38:05 (2830 turns).

slavko the Shield-Bearer (Human Fighter)            Turns: 2830, Time: 00:38:06

Health: -5/42      AC:  8    Str: 22    XL:     5   Next: 75%
Magic:  7/7        EV:  7    Int:  9    God:    Fedhas [......]
Gold:   91         SH:  9    Dex: 12    Spells: 7/7 levels left

rFire    + . .     SeeInvis .   a - +0 long sword
rCold    x . .     Gourm    .   c - +0 shield
rNeg     . . .     Faith    .   b - +0 scale mail
rPois    .         Spirit   .   (no helmet)
rElec    .         Reflect  .   (no cloak)
rCorr    .         Harm     +   (no gloves)
MR       .....                  o - +0 pair of boots
Stlth    ..........             i - amulet of harm
Regen    0.2/turn               s - ring of fire
MPRegen  0.1/turn               (no ring)

@: mighty
A: no striking features
a: Fungal Bloom, Renounce Religion


You were on level 4 of the Dungeon.
You worshipped Fedhas.
Fedhas was noncommittal.
You were not hungry.

You visited 1 branch of the dungeon, and saw 5 of its levels.

You collected 91 gold pieces.

Inventory:

Hand Weapons
 a - a +0 long sword (weapon)
 k - a +0 hunting sling
 B - a +0 blowgun
Missiles
 g - 98 stones (quivered)
 n - 55 sling bullets
 v - 31 poisoned needles
Armour
 b - a +0 scale mail (worn)
 c - a +0 shield (worn)
 o - a +0 pair of boots (worn)
Jewellery
 i - an amulet of harm (around neck)
 s - a ring of fire (left hand)
Scrolls
 h - a scroll of identify {unknown}
 l - 2 scrolls of amnesia {unknown}
 r - 2 scrolls of remove curse {unknown}
 x - a scroll of teleportation {unknown}
 y - a scroll of magic mapping {unknown}
 z - a scroll of enchant weapon {unknown}
 D - a scroll of blinking {unknown}
 E - a scroll of enchant armour {unknown}
Potions
 e - a potion of magic {unknown}
 j - 2 potions of lignification {unknown}
 p - a potion of experience {unknown}
 t - a potion of berserk rage {unknown}
 u - 2 potions of agility {unknown}
 w - a potion of ambrosia {unknown}
 A - a potion of cancellation {unknown}
Comestibles
 f - 2 bread rations
 m - a meat ration
 q - 3 fruits
 C - a royal jelly


   Skills:
 + Level 3.7 Fighting
 + Level 3.2 Long Blades
 + Level 3.2 Armour
 + Level 0.2 Dodging
 + Level 3.9 Shields
 + Level 1.8 Spellcasting


You had 7 spell levels left.
You didn't know any spells.

Dungeon Overview and Level Annotations

Branches:
Dungeon (5/15)
 Temple: D:4-7

Altars:
Cheibriados
Dithmenos
Fedhas
Makhleb
Nemelex Xobeh
Ru
Uskayaw


Message History

The orc priest mumbles some strange prayers to Beogh against you.
Beogh smites you!
* * * LOW HITPOINT WARNING * * *
You block the orc's attack.
You open the door. You block the orc's attack.
Found a stone staircase leading up.
There is an open door here.
You closely miss the orc. The orc hits you but does no damage. x2
Your shield and scale mail prevent you from hitting the orc wizard.
The orc priest hits you with a dagger.
* * * LOW HITPOINT WARNING * * *
The orc wizard hits you with a dagger.
* * * LOW HITPOINT WARNING * * *
The orc hits you but does no damage.
You closely miss the orc wizard.
The orc priest hits you but does no damage.
The orc priest mumbles some strange prayers to Beogh against you.
Beogh smites you!
You die...
Fedhas appreciates your contribution to the ecosystem.

....# ...... ....# .....
....###########...# ####
..(...........#...##....
....?.........#........<
.......[......#.........
..............'.o.......
...?.........o##o######
.......#######.o@..#
.......# #.o...#
.......# #.$...#
.......# #.....#
.....>.# #.....#
######## #######


You could see 2 orc priests, an orc wizard and 2 orcs.

Vanquished Creatures
  A crimson imp (D:3)
  A worker ant (D:4)
  7 adders
  A leopard gecko (D:2)
  An orc (D:3)
  2 giant cockroaches
  6 goblins
  9 hobgoblins
  3 jackals (D:1)
  4 kobolds
  4 bats
  5 frilled lizards
  3 rats
47 creatures vanquished.

Notes
Turn   | Place    | Note
-------+----------+-------------------------------------------
     0 | D:1      | slavko the Human Fighter began the quest for the Orb.
     0 | D:1      | Reached XP level 1. HP: 18/18 MP: 1/1
   138 | D:1      | Reached XP level 2. HP: 17/24 MP: 2/2
   665 | D:2      | Reached XP level 3. HP: 23/29 MP: 3/3
  1203 | D:2      | Reached skill level 1 in Spellcasting
  1257 | D:2      | Found a burning altar of Makhleb.
  1268 | D:2      | Found a hide-covered altar of Uskayaw.
  1573 | D:2      | Reached XP level 4. HP: 27/35 MP: 5/5
  2182 | D:3      | Reached XP level 5. HP: 33/41 MP: 7/7
  2320 | D:3      | Found a sparkling altar of Nemelex Xobeh.
  2320 | D:3      | Found a shadowy altar of Dithmenos.
  2349 | D:3      | Found a faded altar of an unknown god.
  2354 | D:3      | Found a blossoming altar of Fedhas.
  2356 | D:3      | Found a sacrificial altar of Ru.
  2393 | D:3      | Became a worshipper of Fedhas Madash
  2488 | D:3      | Found a snail-covered altar of Cheibriados.
  2744 | D:5      | Entered Level 5 of the Dungeon
  2830 | D:4      | Killed from afar by an orc priest

Skill      XL: |  1  2  3  4  5 |
---------------+----------------+-----
Spellcasting   | 1 |  1.8
Long Blades    | 3 |  3.2
Fighting       | |  3.7
Armour         | |  3.2
Dodging        | |  0.2
Shields        | |  3.9

Action                   |  1- 3 |  4- 6 || total
-------------------------+-------+-------++-------
Melee: Long sword        |   105 |    74 ||   179
Throw: Stone             |     4 |     1 ||     5
Invok: Fungal Bloom      |       |     1 ||     1
  Use: Potion            |       |     1 ||     1
  Eat: Bread ration      |     1 |     1 ||     2
       Chunk             |       |     1 ||     1
Armor: Scale mail        |    41 |    43 ||    84
Dodge: Dodged            |    29 |    23 ||    52
Block: Shield            |    46 |    44 ||    90
       Rpst.: Long sword |    14 |     7 ||    21
